 Dungeon Crawl Stone Soup version 0.31-a0-1019-g3dd9dd1025 (webtiles) character file.

Game seed: 211562325286599217

1 Azuregosa the Sneak (level 1, -1/16 HPs)
             Began as an Octopode Delver on Nov 17, 2023.
             Killed by divine providence
             ... invoked by an orc priest
              (14 damage)
             ... on level 5 of the Dungeon.
             The game lasted 00:00:35 (53 turns).

Azuregosa the Sneak (Octopode Delver)                 Turns: 53, Time: 00:00:36

Health: -1/16      AC:  1    Str: 11    XL:     1   Next: 20%
Magic:  1/1        EV: 13    Int: 12    God:
Gold:   6          SH:  0    Dex: 13    Spells: 0/0 levels left

rFire   . . .        a - +0 falchion
rCold   . . .        (no shield)
rNeg    . . .        (helmet restricted)
rPois   .            (no amulet)
rElec   .            (no ring)
rCorr   .            (no ring)
SInv    .            (no ring)
Will    .....        (no ring)
Stlth   ++++         (no ring)
HPRegen 0.22/turn    (no ring)
MPRegen 0.07/turn    (no ring)
                     (no ring)

%: no passive effects
@: no status effects
A: almost no armour, amphibious, 8 rings, camouflage 1, gelatinous body 1,
(nimble swimmer 1), tentacles
a: no special abilities


You were on level 5 of the Dungeon.
You visited 1 branch of the dungeon, and saw 1 of its levels.

You collected 6 gold pieces.

Inventory:

Hand Weapons
 a - a +0 falchion (weapon)
Wands
 c - a wand of roots (7)
 f - a wand of digging (3)
Scrolls
 b - a scroll of fog
 d - a scroll of fear
Potions
 e - a potion of haste


   Skills:
 - Level 3.0 Fighting
 - Level 2.0 Long Blades
 - Level 2.0 Dodging
 + Level 6.7 Stealth


You couldn't memorise any spells.
You didn't know any spells.
Your spell library was empty.

Dungeon Overview and Level Annotations

Branches:
Dungeon (5/15)             Temple (0/1) D:5

Altars:


Innate Abilities, Weirdness & Mutations

You cannot wear most types of armour.
You are amphibious.
You can wear up to eight rings at the same time.
Your skin changes colour to match your surroundings (Stealth+).
Your rubbery body absorbs attacks. (AC +1, EV +1)
((You are camouflaged when in or above water. (Stealth+)))
You have tentacles for arms and can constrict up to eight enemies at once.


Message History

Welcome, Azuregosa the Octopode Delver.
The Orb of Zot is coveted for many reasons.
Will you seize it for your own?
Press ? for a list of commands and other information.
Found a blackened wooden wand.
Found a stone staircase leading down.
As you read the scroll of revelation, it crumbles to dust.
You feel aware of your surroundings.
You sensed 1 altar.
Found a ring mail, a sling and 6 gold pieces.
Found 4 javelins.
c - a wand of roots (7)
A scorpion comes into view.
An iguana comes into view.
Found 3 stones.
You now have 6 gold pieces.
A shadow imp comes into view.
Found a leather armour.
A quokka and an orc come into view.
An orc comes into view. It is wielding a +0 hand axe.
An orc priest comes into view. It is wielding a +0 club.
The orc shouts!
The orc priest shouts!
The quokka twitches its whiskers.
The quokka bites you.
You hear an angry hiss.
The orc shouts!
You slash the quokka!
You kill the quokka!
The orc priest calls down the wrath of Beogh upon you.
Beogh smites you!
Ouch! That really hurt!
You die...

,**,,,,....[###....#.#...#...#,,*
,***,,#########.#......####.(...#
,,**,,#5..............#####.....#
,,,,,,#...........>...######....#
,,,,,*#........##....###...,.....
*,****#[...................,.....
*,,,,,.........#.#...###...,>....
*,****#.......)#....#######**...#
*,,,,*#.........@...####### *,,,*
*,,,,,..#.#######.######### *,,,*
*,,*,*#.#.,######.######## *,,,*
*,,,,,,,.,,,* #†#**********,,,*
**,*,,8.8,8,** #..,,,,,,,,***,**
*,*,,,⌠,⌠,,,***#o##,**,**,* *,,<
*,*,,8,>,8,,,,,.o#*,**,**,***,,,
*,,,,,⌠,⌠,,****#o#*,,,,,,,,,,,,,
***,,8,8,8,* #.#*,**,**,****,*


You could see an orc priest and 2 orcs.

Vanquished Creatures
  A quokka (D:5)
1 creature vanquished.

Notes
Turn   | Place    | Note
-------+----------+-------------------------------------------
     0 | D:5      | Azuregosa the Octopode Delver began the quest for the Orb.
     0 | D:5      | Reached XP level 1. HP: 16/16 MP: 1/1
    16 | D:5      | Noticed a scorpion
    17 | D:5      | Noticed an iguana
    50 | D:5      | Noticed an orc priest
    53 | D:5      | Killed from afar by an orc priest

Illustrated notes

Levels and vault maps discovered:
D:5:      layout_loops_cross, kennysheep_mini,
          minmay_temple_entry_statues_fountains, nicolae_kite_square_tiling_tiny

Action                     || total
---------------------------++-------
  Melee: Falchion          ||     1
    Use: Scroll            ||     1
 Armour: Skin              ||     1

Table legend: (Time is in decaauts)
 A = Elapsed time spent in this place.
 B = Non-inter-level travel time spent in this place.
 C = Inter-level travel time spent in this place.
 D = Time resting spent in this place.
 E = Time spent auto-exploring this place.
 F = Levels seen in this place.
 G = Mean time per level.
                   A        B        C        D        E       F      G
               +--------+--------+--------+--------+--------+-----+--------+
         Total |     53 |     53 |      0 |      0 |      0 |   1 |   53.0 |
       Dungeon |     53 |     53 |      0 |      0 |      0 |   1 |   53.0 |
               +--------+--------+--------+--------+--------+-----+--------+

Top non-repeatable levels by time:
     D:5: 53 daAuts
